Ice Hogs vs Wild

Created - Sunday, March 27, 2016 at 03:08

Goals
1 2 3 T
Ice Hogs 1 0 0 1
Wild 0 1 1 2
Shots
1 2 3 T
Ice Hogs 8 16 7 31
Wild 5 5 23 33

1st period

1. Ice Hogs , J.T. Miller 42 (Travis Morin) at 17:10

Penalties :
Michael Keranen (IOW) for Charging (Minor) at 7:30, Mike Moore (IOW) for High sticking (Minor) at 17:36

2nd period

2. Wild , David Wolf 15 (Micheal Haley, Mark Van Guilder) at 7:28 (PP)

Penalties :
Steve Eminger (IOW) for Fighting (Major) at 1:30, Jean-Philippe Cote (RIH) for Fighting (Major) at 1:30, Steve Eminger (IOW) for instigated a fight (Minor) at 1:30, Steve Eminger (IOW) for instigated a fight (10 Minutes Misconduct) at 1:30, Viktor Svedberg (RIH) for Roughing (Minor) at 6:41, Jani Hakanpaa (IOW) for Fighting (Major) at 11:57, Viktor Svedberg (RIH) for Fighting (Major) at 11:57, Jon Landry (IOW) for Interference (Minor) at 12:49

3rd period

3. Wild , David Wolf 16 (Mark Van Guilder) at 0:36 (PP)

Penalties :
Travis Morin (RIH) for Hooking (Minor) at 0:19, Jon Landry (IOW) for Fighting (Major) at 1:10, Mathieu Brodeur (RIH) for Fighting (Major) at 1:10, Will Acton (RIH) for Hooking (Minor) at 14:50, Jean-Philippe Cote (RIH) for Hooking (Minor) at 18:33

Goalie Stats

Yann Danis (RIH), 31 saves from 33 shots - (0.939), L, 52-14-16, 60:00 minutes
Doug Carr (IOW), 30 saves from 31 shots - (0.968), W, 9-9-4, 60:00 minutes

Players Stats for Ice Hogs

Player Name              G  A  P  +/- PIM S  H  SB GA TA FO     MP     PP MP  PK MP  
------------------------------------------------------------------------------------
Ben Holmstrom            0  0  0   0  0   0  0  0  0  0  0/0     0:00   0:00   0:00 
Bryce Salvador           0  0  0   1  0   3  3  3  0  1  0/0    26:55   4:23   2:06 
Conor Sheary             0  0  0   0  0   4  2  0  6  2  0/1    16:36   0:00   0:00 
Derek Hulak              0  0  0   1  0   0  0  1  0  0  0/1     7:54   0:00   0:00 
Garnet Hathaway          0  0  0   0  0   0  0  0  0  0  1/2     8:37   0:00   0:00 
J.T. Miller              1  0  1   1  0   3  2  1  6  0  0/1    21:12   3:45   2:09 
Jean-Philippe Cote       0  0  0   0  7   0  1  3  0  0  0/0    21:59   0:00   0:00 
Kyle Hagel               0  0  0   0  0   0  0  1  0  0  0/0     3:18   0:00   0:00 
Mat Bodie                0  0  0   0  0   0  0  1  0  0  0/0    22:26   3:33   2:23 
Mathieu Brodeur          0  0  0   1  5   1  0  2  1  0  0/0    22:51   4:51   2:38 
Matt Fraser              0  0  0   0  0   1  2  1  1  2  1/1    15:13   3:53   0:00 
Oscar Lindberg           0  0  0   0  0   6  3  0  2  0  8/12   20:11   4:03   2:20 
Petr Straka              0  0  0   0  0   0  0  1  0  0  0/1    17:51   4:03   0:00 
Scott Wilson             0  0  0   0  0   3  0  0  3  2  0/0    20:11   4:03   2:20 
T.J. Tynan               0  0  0   0  0   5  0  1  0  0  5/10   15:24   0:00   0:00 
Travis Morin             0  1  1   1  2   2  0  0  1  1  7/15   16:39   3:53   2:09 
Viktor Svedberg          0  0  0   0  7   1  4  3  0  3  0/0    22:01   3:05   1:51 
Will Acton               0  0  0   0  2   2  1  1  2  0  1/1    16:06   0:08   0:00 

Players Stats for Wild

Player Name              G  A  P  +/- PIM S  H  SB GA TA FO     MP     PP MP  PK MP  
------------------------------------------------------------------------------------
Anthony Camara           0  0  0   0  0   1  0  0  0  1  1/3    15:50   0:00   4:35 
Cam Janssen              0  0  0  -1  0   0  0  0  1  0  0/0    10:05   0:00   0:11 
Colin Stuart             0  0  0   0  0   1  0  0  3  1  1/1    13:21   0:00   0:00 
Dan Catenacci            0  0  0   0  0   4  2  0  4  1  1/1    18:51   1:50   3:03 
Danny Hobbs              0  0  0   0  0   2  0  0  1  0  0/0    11:07   0:00   0:00 
David Wolf               2  0  2   0  0   4  3  0  6  1  3/8    16:00   2:39   0:00 
Devin Shore              0  0  0   0  0   3  0  2  2  1  3/8    14:08   0:00   0:33 
Francis Wathier          0  0  0  -1  0   2  2  0  0  0  0/0    11:07   1:50   0:00 
Henri Ikonen             0  0  0  -1  0   2  1  0  0  0  2/2     9:01   0:00   0:00 
Jani Hakanpaa            0  0  0   0  5   2  1  1  0  0  0/0    16:05   2:36   2:06 
Jerome Leduc             0  0  0   0  0   2  1  2  0  1  0/0    21:44   0:00   4:28 
Jon Landry               0  0  0  -1  7   1  2  1  0  2  0/0    19:42   2:36   0:35 
Mark Van Guilder         0  2  2   0  0   3  1  3  1  1  7/18   18:47   2:39   4:53 
Michael Keranen          0  0  0   0  2   2  0  0  2  0  2/2    14:47   1:50   0:00 
Micheal Haley            0  1  1   0  0   0  0  1  0  1  2/2    18:59   2:39   2:48 
Mike Moore               0  0  0   0  2   1  2  0  0  1  0/0    22:10   1:53   2:53 
Shane O'Brien            0  0  0  -1  0   2  2  0  1  0  0/0    27:27   1:53   5:39 
Steve Eminger            0  0  0   0  17  1  2  0  0  2  0/0    12:47   0:00   0:00 

3 Stars

1 - David Wolf (IOW)
2 - Doug Carr (IOW)
3 - J.T. Miller (RIH)

Power Play

Ice Hogs - 0 on 4 Attempt(s) - 0.00%
Wild - 2 on 4 Attempt(s) - 50.00%

Penalty Kill

Ice Hogs - 2 on 4 Attempt(s) - 50.00% - Score 0 goal in Penalty Kill
Wild - 4 on 4 Attempt(s) - 100.00% - Score 0 goal in Penalty Kill

Team Stat

Ice Hogs - Hits : 18 - Faceoff Wins : 23 - Blocked Shots : 19 - Penalty Minutes : 23
Wild - Hits : 19 - Faceoff Wins : 22 - Blocked Shots : 10 - Penalty Minutes : 33

Official

Referees : Unknown
Linesman : Unknown

Game Notes

Steve Eminger beats up Jean-Philippe Cote at 1:30 of 2nd period
Viktor Svedberg beats up Jani Hakanpaa at 11:57 of 2nd period
Jon Landry beats up Mathieu Brodeur at 1:10 of 3rd period

Finance

Level 1 -- Attendance: 1545 (77.25%) -- Ticket Income $54,075
Level 2 -- Attendance: 808 (80.80%) -- Ticket Income $12,120
Total Attendance: 2353 (78.43%)
Total Ticket Income: $66,195
Other Income: $32,436
Total Income: $98,631

Ice Hogs

5 vs 5 Forward 
   Center                   Left Wing                Right Wing               Time % Phy DF OF 
 1 Travis Morin             Matt Fraser              J.T. Miller              30     0   2  3  
 2 Oscar Lindberg           Scott Wilson             Petr Straka              25     0   2  3  
 3 T.J. Tynan               Conor Sheary             Will Acton               25     1   2  2  
 4 Garnet Hathaway          Derek Hulak              J.T. Miller              20     1   2  2  

5 vs 5 Defense 
   Defense                  Defense                                           Time % Phy DF OF 
 1 Viktor Svedberg          Bryce Salvador                                    30     1   2  2  
 2 Jean-Philippe Cote       Mathieu Brodeur                                   30     1   2  2  
 3 Jean-Philippe Cote       Mat Bodie                                         30     1   2  2  
 4 Mathieu Brodeur          Bryce Salvador                                    10     1   2  2  

PowerPlay Forward 
   Center                   Left Wing                Right Wing               Time % Phy DF OF 
 1 Travis Morin             Matt Fraser              J.T. Miller              50     1   1  3  
 2 Oscar Lindberg           Scott Wilson             Petr Straka              50     1   1  3  

PowerPlay Defense
   Defense                  Defense                                           Time % Phy DF OF 
 1 Mathieu Brodeur          Mat Bodie                                         50     0   2  3  
 2 Viktor Svedberg          Bryce Salvador                                    50     0   2  3  

Penalty Kill 4 Players Forward 
   Center                   Wing                     Time % Phy DF OF 
 1 Travis Morin             J.T. Miller              50     1   3  1  
 2 Oscar Lindberg           Scott Wilson             50     1   3  1  

Penalty Kill 4 Players Defense
   Defense                  Defense                  Time % Phy DF OF 
 1 Viktor Svedberg          Bryce Salvador           50     1   4  0  
 2 Mat Bodie                Mathieu Brodeur          50     1   4  0  

Penalty Kill - 3 Players Forward 
   Forward                                           Time % Phy DF OF 
 1 Travis Morin                                      50     1   4  0  
 2 J.T. Miller                                       50     1   4  0  

Penalty Kill - 3 Players Defense
   Defense                  Defense                  Time % Phy DF OF 
 1 Viktor Svedberg          Bryce Salvador           50     1   4  0  
 2 Jean-Philippe Cote       Mathieu Brodeur          50     1   4  0  

4 vs 4 Forward 
   Center                   Wing                     Time % Phy DF OF 
 1 Conor Sheary             Petr Straka              50     1   2  2  
 2 Will Acton               Derek Hulak              50     1   2  2  

4 vs 4 Defense
   Defense                  Defense                  Time % Phy DF OF 
 1 Bryce Salvador           Mathieu Brodeur          50     1   2  2  
 2 Jean-Philippe Cote       Mat Bodie                50     1   2  2  

Last Minutes Offensive
   Center                   Left Wing                Right Wing               Defense                  Defense                  
   Travis Morin             Matt Fraser              J.T. Miller              Mathieu Brodeur          Bryce Salvador           

Last Minutes Defensive
   Center                   Left Wing                Right Wing               Defense                  Defense                  
   Travis Morin             Oscar Lindberg           J.T. Miller              Mathieu Brodeur          Bryce Salvador           

Goaltenders
Starting : Yann Danis               
Backup : Ryan Faragher            

Extra Forwards
Normal : Petr Straka, Conor Sheary, Garnet Hathaway - PP : Petr Straka, J.T. Miller - PK : Oscar Lindberg
Extra Defensemen
Normal : Bryce Salvador, Mat Bodie, Mathieu Brodeur - PP : Viktor Svedberg - PK : Mathieu Brodeur, Bryce Salvador
Penalty Shots
Travis Morin, J.T. Miller, Oscar Lindberg, Conor Sheary, Scott Wilson

Wild

5 vs 5 Forward 
   Center                   Left Wing                Right Wing               Time % Phy DF OF 
 1 David Wolf               Colin Stuart             Micheal Haley            35     1   2  2  
 2 Devin Shore              Dan Catenacci            Michael Keranen          30     1   2  2  
 3 Mark Van Guilder         Anthony Camara           Danny Hobbs              22     1   2  2  
 4 Henri Ikonen             Francis Wathier          Cam Janssen              13     1   2  2  

5 vs 5 Defense 
   Defense                  Defense                                           Time % Phy DF OF 
 1 Jon Landry               Shane O'Brien                                     35     1   2  2  
 2 Jerome Leduc             Steve Eminger                                     30     1   2  2  
 3 Mike Moore               Jani Hakanpaa                                     22     1   2  2  
 4 Jon Landry               Shane O'Brien                                     13     1   2  2  

PowerPlay Forward 
   Center                   Left Wing                Right Wing               Time % Phy DF OF 
 1 Mark Van Guilder         David Wolf               Micheal Haley            60     1   2  2  
 2 Dan Catenacci            Francis Wathier          Michael Keranen          40     1   2  2  

PowerPlay Defense
   Defense                  Defense                                           Time % Phy DF OF 
 1 Mike Moore               Shane O'Brien                                     60     1   2  2  
 2 Jon Landry               Jani Hakanpaa                                     40     1   2  2  

Penalty Kill 4 Players Forward 
   Center                   Wing                     Time % Phy DF OF 
 1 Mark Van Guilder         Anthony Camara           60     1   2  2  
 2 Micheal Haley            Dan Catenacci            40     1   2  2  

Penalty Kill 4 Players Defense
   Defense                  Defense                  Time % Phy DF OF 
 1 Mike Moore               Shane O'Brien            60     1   2  2  
 2 Jerome Leduc             Jani Hakanpaa            40     1   2  2  

Penalty Kill - 3 Players Forward 
   Forward                                           Time % Phy DF OF 
 1 Mark Van Guilder                                  60     1   2  2  
 2 Micheal Haley                                     40     1   2  2  

Penalty Kill - 3 Players Defense
   Defense                  Defense                  Time % Phy DF OF 
 1 Mike Moore               Shane O'Brien            60     1   2  2  
 2 Jon Landry               Jani Hakanpaa            40     1   2  2  

4 vs 4 Forward 
   Center                   Wing                     Time % Phy DF OF 
 1 Mark Van Guilder         Colin Stuart             60     1   2  2  
 2 Micheal Haley            Dan Catenacci            40     1   2  2  

4 vs 4 Defense
   Defense                  Defense                  Time % Phy DF OF 
 1 Jerome Leduc             Shane O'Brien            60     1   2  2  
 2 Mike Moore               Jani Hakanpaa            40     1   2  2  

Last Minutes Offensive
   Center                   Left Wing                Right Wing               Defense                  Defense                  
   Mark Van Guilder         Colin Stuart             Micheal Haley            Jon Landry               Shane O'Brien            

Last Minutes Defensive
   Center                   Left Wing                Right Wing               Defense                  Defense                  
   Mark Van Guilder         Colin Stuart             Micheal Haley            Jon Landry               Shane O'Brien            

Goaltenders
Starting : Doug Carr                
Backup : Jordan Binnington        

Extra Forwards
Normal : Anthony Camara, Henri Ikonen, Devin Shore - PP : Anthony Camara, Henri Ikonen - PK : Devin Shore
Extra Defensemen
Normal : Mike Moore, Jerome Leduc, Shane O'Brien - PP : Mike Moore - PK : Jerome Leduc, Shane O'Brien
Penalty Shots
Mark Van Guilder, Devin Shore, Micheal Haley, Dan Catenacci, Anthony Camara

% Time on Ice - Ice Hogs

Lines # - Real PCT - Wanted PCT - Time Play
Normal Forward
1 - 22% - 30% - 10:38
2 - 29% - 25% - 13:48
3 - 32% - 25% - 15:24
4 - 16% - 20% - 7:45
Normal Defense
1 - 29% - 30% - 13:38
2 - 30% - 30% - 14:15
3 - 29% - 30% - 13:59
4 - 12% - 10% - 5:43
PP Forward
1 - 49% - 50% - 3:53
2 - 51% - 50% - 4:03
PP Defense
1 - 45% - 50% - 3:33
2 - 55% - 50% - 4:23
PK Forward
1 - 48% - 50% - 2:09
2 - 52% - 50% - 2:20
PK Defense
1 - 47% - 50% - 2:06
2 - 53% - 50% - 2:23
PK3 Forward
1 - 0% - 50%
2 - 0% - 50%
PK3 Defense
1 - 0% - 50%
2 - 0% - 50%
44 Forward
1 - 0% - 50%
2 - 0% - 50%
44 Defense
1 - 0% - 50%
2 - 0% - 50%
Last Minute Offensive  - 0:00
Last Minute Defensive  - 0:00
Total
Forward - 60:00
Defense - 60:00

% Time on Ice - Wild

Lines # - Real PCT - Wanted PCT - Time Play
Normal Forward
1 - 30% - 35% - 14:22
2 - 27% - 30% - 13:05
3 - 23% - 22% - 11:07
4 - 19% - 13% - 9:01
Normal Defense
1 - 30% - 35% - 14:15
2 - 38% - 30% - 18:03
3 - 26% - 22% - 12:35
4 - 6% - 13% - 2:42
PP Forward
1 - 59% - 60% - 2:39
2 - 41% - 40% - 1:50
PP Defense
1 - 42% - 60% - 1:53
2 - 58% - 40% - 2:36
PK Forward
1 - 65% - 60% - 5:08
2 - 35% - 40% - 2:48
PK Defense
1 - 49% - 60% - 3:51
2 - 51% - 40% - 4:05
PK3 Forward
1 - 0% - 60%
2 - 0% - 40%
PK3 Defense
1 - 0% - 60%
2 - 0% - 40%
44 Forward
1 - 0% - 60%
2 - 0% - 40%
44 Defense
1 - 0% - 60%
2 - 0% - 40%
Last Minute Offensive  - 0:00
Last Minute Defensive  - 0:00
Total
Forward - 60:00
Defense - 60:00

Play by Play

1st period


0:01 of 1st period - Micheal Haley wins face-off versus J.T. Miller in neutral zone.
0:06 of 1st period - Viktor Svedberg is hit by Shane O'Brien and loses puck.
1:10 of 1st period - Slapshot by Oscar Lindberg.
1:10 of 1st period - Stopped by Doug Carr with a rebound.
1:43 of 1st period - Slapshot by Mathieu Brodeur.
1:43 of 1st period - Stopped by Doug Carr without a rebound.
1:44 of 1st period - Mark Van Guilder wins face-off versus T.J. Tynan in Wild zone.
1:44 of 1st period - Mark Van Guilder is hit by Conor Sheary.
3:36 of 1st period - Bryce Salvador is hit by David Wolf and loses puck.
4:17 of 1st period - Wrist shot by Devin Shore.
4:17 of 1st period - Shot Misses the Net.
4:19 of 1st period - Wrist shot by Devin Shore.
4:19 of 1st period - Shot Misses the Net.
4:21 of 1st period - Backhand shot by Michael Keranen.
4:21 of 1st period - Shot Misses the Net.
4:41 of 1st period - Snap shot by Conor Sheary.
4:41 of 1st period - Deflect By T.J. Tynan.
4:41 of 1st period - Stopped by Doug Carr with a rebound.
4:47 of 1st period - Wrist shot by Will Acton.
4:47 of 1st period - Shot Misses the Net.
5:31 of 1st period - Slapshot by Jerome Leduc.
5:31 of 1st period - Shot Blocked by J.T. Miller.
5:33 of 1st period - Slapshot by Jerome Leduc.
5:33 of 1st period - Stopped by Yann Danis with a rebound.
5:58 of 1st period - Colin Stuart is hit by Bryce Salvador and loses puck.
6:52 of 1st period - Devin Shore is hit by J.T. Miller.
7:20 of 1st period - Snap shot by Scott Wilson.
7:20 of 1st period - Shot Misses the Net.
7:22 of 1st period - Snap shot by Oscar Lindberg.
7:22 of 1st period - Stopped by Doug Carr with a rebound.
7:30 of 1st period - Minor Penalty to Michael Keranen for Charging.
7:31 of 1st period - Oscar Lindberg wins face-off versus Mark Van Guilder in Wild zone.
8:52 of 1st period - Shane O'Brien is hit by Viktor Svedberg and loses puck.
9:30 of 1st period - Penalty to Michael Keranen is over, Michael Keranen is back on ice.
9:55 of 1st period - Jerome Leduc is hit by Conor Sheary and loses puck.
12:21 of 1st period - Snap shot by T.J. Tynan.
12:21 of 1st period - Shot Misses the Net.
12:25 of 1st period - Snap shot by T.J. Tynan.
12:25 of 1st period - Stopped by Doug Carr with a rebound.
12:37 of 1st period - Viktor Svedberg is hit by Henri Ikonen and loses puck.
12:44 of 1st period - Jani Hakanpaa is hit by Viktor Svedberg and loses puck.
13:07 of 1st period - Wrist shot by Scott Wilson.
13:07 of 1st period - Shot Misses the Net.
13:09 of 1st period - Slapshot by Kyle Hagel.
13:09 of 1st period - Shot Misses the Net.
15:40 of 1st period - Steve Eminger is hit by Viktor Svedberg and loses puck.
16:02 of 1st period - Slapshot by David Wolf.
16:02 of 1st period - Stopped by Yann Danis without a rebound.
16:03 of 1st period - Matt Fraser wins face-off versus David Wolf in Ice Hogs zone.
16:03 of 1st period - Matt Fraser is hit by David Wolf.
16:09 of 1st period - David Wolf is hit by Matt Fraser and loses puck.
16:46 of 1st period - Snap shot by Dan Catenacci.
16:46 of 1st period - Stopped by Yann Danis with a rebound.
17:10 of 1st period - Wrist shot by J.T. Miller.
17:10 of 1st period - Goal by J.T. Miller - Ice Hogs : 1 - Wild : 0.
17:11 of 1st period - T.J. Tynan wins face-off versus Mark Van Guilder in neutral zone.
17:24 of 1st period - Wrist shot by Conor Sheary.
17:24 of 1st period - Shot Blocked by Jani Hakanpaa.
17:26 of 1st period - Slapshot by Bryce Salvador.
17:26 of 1st period - Deflect By Conor Sheary.
17:26 of 1st period - Stopped by Doug Carr with a rebound.
17:28 of 1st period - Wrist shot by Conor Sheary.
17:28 of 1st period - Shot Blocked by Mark Van Guilder.
17:30 of 1st period - Snap shot by Bryce Salvador.
17:30 of 1st period - Deflect By Danny Hobbs.
17:30 of 1st period - Stopped by Doug Carr with a rebound.
17:36 of 1st period - Minor Penalty to Mike Moore for High sticking.
17:37 of 1st period - Travis Morin wins face-off versus Mark Van Guilder in Wild zone.
18:33 of 1st period - Slapshot by Shane O'Brien.
18:33 of 1st period - Shot Misses the Net.
18:59 of 1st period - Slapshot by Dan Catenacci.
18:59 of 1st period - Stopped by Yann Danis with a rebound.
19:01 of 1st period - Slapshot by Shane O'Brien.
19:01 of 1st period - Stopped by Yann Danis without a rebound.
19:02 of 1st period - Micheal Haley wins face-off versus Oscar Lindberg in Ice Hogs zone.
19:36 of 1st period - Penalty to Mike Moore is over, Mike Moore is back on ice.
19:53 of 1st period - Will Acton is hit by Francis Wathier and loses puck.
Goals for this period are 1 for Ice Hogs vs 0 for Wild.
Shots for this period are 8 for Ice Hogs vs 5 for Wild.

2nd period


0:01 of 2nd period - David Wolf wins face-off versus Travis Morin in neutral zone.
0:12 of 2nd period - Snap shot by Colin Stuart.
0:12 of 2nd period - Deflect By David Wolf.
0:12 of 2nd period - Stopped by Yann Danis with a rebound.
0:52 of 2nd period - Devin Shore is hit by Oscar Lindberg and loses puck.
1:07 of 2nd period - Slapshot by Oscar Lindberg.
1:07 of 2nd period - Stopped by Doug Carr with a rebound.
1:13 of 2nd period - Snap shot by Scott Wilson.
1:13 of 2nd period - Stopped by Doug Carr with a rebound.
1:19 of 2nd period - Backhand shot by Oscar Lindberg.
1:19 of 2nd period - Stopped by Doug Carr without a rebound.
1:20 of 2nd period - T.J. Tynan wins face-off versus Mark Van Guilder in Wild zone.
1:25 of 2nd period - Snap shot by Will Acton.
1:25 of 2nd period - Shot Misses the Net.
1:30 of 2nd period - Steve Eminger beats up Jean-Philippe Cote.
1:30 of 2nd period - Penalty to Steve Eminger for Fighting.
1:30 of 2nd period - Penalty to Jean-Philippe Cote for Fighting.
1:30 of 2nd period - Penalty to Steve Eminger for instigated a fight.
1:30 of 2nd period - Penalty to Steve Eminger for instigated a fight.
1:31 of 2nd period - Travis Morin wins face-off versus Mark Van Guilder in Wild zone.
1:32 of 2nd period - Wrist shot by J.T. Miller.
1:32 of 2nd period - Shot Misses the Net.
2:23 of 2nd period - Mark Van Guilder is hit by Bryce Salvador and loses puck.
3:30 of 2nd period - Penalty to Steve Eminger is over, Devin Shore is send on ice.
3:48 of 2nd period - Jerome Leduc is hit by Oscar Lindberg and loses puck.
4:03 of 2nd period - Mathieu Brodeur is hit by Jerome Leduc and loses puck.
4:47 of 2nd period - Bryce Salvador is hit by Jani Hakanpaa and loses puck.
5:14 of 2nd period - Wrist shot by Michael Keranen.
5:14 of 2nd period - Shot Misses the Net.
6:32 of 2nd period - Wrist shot by Colin Stuart.
6:32 of 2nd period - Shot Blocked by Kyle Hagel.
6:41 of 2nd period - Minor Penalty to Viktor Svedberg for Roughing.
6:42 of 2nd period - Michael Keranen wins face-off versus Travis Morin in Ice Hogs zone.
7:04 of 2nd period - Slapshot by Dan Catenacci.
7:04 of 2nd period - Shot Misses the Net.
7:28 of 2nd period - Slapshot by David Wolf.
7:28 of 2nd period - Goal by David Wolf - Ice Hogs : 1 - Wild : 1.
7:29 of 2nd period - Mark Van Guilder wins face-off versus T.J. Tynan in neutral zone.
7:48 of 2nd period - Wrist shot by Anthony Camara.
7:48 of 2nd period - Stopped by Yann Danis without a rebound.
7:49 of 2nd period - Mark Van Guilder wins face-off versus T.J. Tynan in Ice Hogs zone.
9:00 of 2nd period - Snap shot by Oscar Lindberg.
9:00 of 2nd period - Stopped by Doug Carr with a rebound.
9:02 of 2nd period - Wrist shot by Oscar Lindberg.
9:02 of 2nd period - Stopped by Doug Carr without a rebound.
9:03 of 2nd period - Travis Morin wins face-off versus David Wolf in Wild zone.
9:14 of 2nd period - Snap shot by Matt Fraser.
9:14 of 2nd period - Deflect By Travis Morin.
9:14 of 2nd period - Shot Blocked by Micheal Haley.
9:14 of 2nd period - Puck is out of play.
9:15 of 2nd period - Travis Morin wins face-off versus David Wolf in Wild zone.
9:22 of 2nd period - Snap shot by Matt Fraser.
9:22 of 2nd period - Shot Misses the Net.
9:24 of 2nd period - Snap shot by Travis Morin.
9:24 of 2nd period - Stopped by Doug Carr with a rebound.
9:59 of 2nd period - Slapshot by Scott Wilson.
9:59 of 2nd period - Shot Misses the Net.
10:01 of 2nd period - Snap shot by Scott Wilson.
10:01 of 2nd period - Stopped by Doug Carr with a rebound.
10:35 of 2nd period - Snap shot by Conor Sheary.
10:35 of 2nd period - Stopped by Doug Carr with a rebound.
10:37 of 2nd period - Slapshot by Bryce Salvador.
10:37 of 2nd period - Shot Blocked by Jerome Leduc.
10:39 of 2nd period - Slapshot by Bryce Salvador.
10:39 of 2nd period - Shot Blocked by Jerome Leduc.
10:51 of 2nd period - Snap shot by Conor Sheary.
10:51 of 2nd period - Stopped by Doug Carr without a rebound.
10:52 of 2nd period - Dan Catenacci wins face-off versus Garnet Hathaway in Wild zone.
11:57 of 2nd period - Viktor Svedberg beats up Jani Hakanpaa.
11:57 of 2nd period - Penalty to Jani Hakanpaa for Fighting.
11:57 of 2nd period - Penalty to Viktor Svedberg for Fighting.
11:58 of 2nd period - T.J. Tynan wins face-off versus Anthony Camara in Wild zone.
12:03 of 2nd period - Snap shot by T.J. Tynan.
12:03 of 2nd period - Stopped by Doug Carr with a rebound.
12:05 of 2nd period - Wrist shot by Will Acton.
12:05 of 2nd period - Shot Misses the Net.
12:07 of 2nd period - Slapshot by Bryce Salvador.
12:07 of 2nd period - Stopped by Doug Carr with a rebound.
12:09 of 2nd period - Wrist shot by Will Acton.
12:09 of 2nd period - Shot Blocked by Mark Van Guilder.
12:11 of 2nd period - Backhand shot by Mat Bodie.
12:11 of 2nd period - Shot Blocked by Mark Van Guilder.
12:13 of 2nd period - Slapshot by Bryce Salvador.
12:13 of 2nd period - Stopped by Doug Carr without a rebound.
12:14 of 2nd period - Anthony Camara wins face-off versus T.J. Tynan in Wild zone.
12:49 of 2nd period - Minor Penalty to Jon Landry for Interference.
12:50 of 2nd period - Oscar Lindberg wins face-off versus Mark Van Guilder in Wild zone.
13:56 of 2nd period - Slapshot by Travis Morin.
13:56 of 2nd period - Shot Misses the Net.
14:06 of 2nd period - Micheal Haley is hit by Matt Fraser and loses puck.
14:17 of 2nd period - Petr Straka is hit by Shane O'Brien and loses puck.
14:26 of 2nd period - Petr Straka is hit by Dan Catenacci.
14:49 of 2nd period - Penalty to Jon Landry is over, Jon Landry is back on ice.
15:18 of 2nd period - Snap shot by Conor Sheary.
15:18 of 2nd period - Shot Blocked by Devin Shore.
15:20 of 2nd period - Snap shot by Will Acton.
15:20 of 2nd period - Stopped by Doug Carr with a rebound.
15:24 of 2nd period - Snap shot by Conor Sheary.
15:24 of 2nd period - Shot Blocked by Devin Shore.
15:28 of 2nd period - Snap shot by Will Acton.
15:28 of 2nd period - Shot Misses the Net.
16:06 of 2nd period - Wrist shot by Colin Stuart.
16:06 of 2nd period - Shot Misses the Net.
16:29 of 2nd period - Slapshot by Oscar Lindberg.
16:29 of 2nd period - Shot Misses the Net.
16:30 of 2nd period - 10 Minutes Misconduct Penalty to Steve Eminger is over.
17:20 of 2nd period - Snap shot by J.T. Miller.
17:20 of 2nd period - Stopped by Doug Carr without a rebound.
17:21 of 2nd period - Henri Ikonen wins face-off versus Travis Morin in Wild zone.
18:07 of 2nd period - Wrist shot by Danny Hobbs.
18:07 of 2nd period - Shot Blocked by Mat Bodie.
18:09 of 2nd period - Wrist shot by Mark Van Guilder.
18:09 of 2nd period - Stopped by Yann Danis without a rebound.
18:10 of 2nd period - Garnet Hathaway wins face-off versus Anthony Camara in Ice Hogs zone.
18:17 of 2nd period - Viktor Svedberg is hit by Jon Landry and loses puck.
18:40 of 2nd period - Wrist shot by Dan Catenacci.
18:40 of 2nd period - Stopped by Yann Danis without a rebound.
18:41 of 2nd period - Oscar Lindberg wins face-off versus Devin Shore in Ice Hogs zone.
19:00 of 2nd period - Wrist shot by Scott Wilson.
19:00 of 2nd period - Shot Misses the Net.
19:18 of 2nd period - Jani Hakanpaa is hit by Jean-Philippe Cote and loses puck.
19:27 of 2nd period - Snap shot by Travis Morin.
19:27 of 2nd period - Stopped by Doug Carr with a rebound.
19:29 of 2nd period - Slapshot by Viktor Svedberg.
19:29 of 2nd period - Stopped by Doug Carr with a rebound.
19:31 of 2nd period - Wrist shot by Travis Morin.
19:31 of 2nd period - Shot Misses the Net.
Goals for this period are 0 for Ice Hogs vs 1 for Wild.
Shots for this period are 16 for Ice Hogs vs 5 for Wild.

3rd period


0:01 of 3rd period - Travis Morin wins face-off versus Devin Shore in neutral zone.
0:06 of 3rd period - Wrist shot by Matt Fraser.
0:06 of 3rd period - Stopped by Doug Carr with a rebound.
0:19 of 3rd period - Minor Penalty to Travis Morin for Hooking.
0:20 of 3rd period - Mark Van Guilder wins face-off versus Oscar Lindberg in Ice Hogs zone.
0:36 of 3rd period - Snap shot by David Wolf.
0:36 of 3rd period - Goal by David Wolf - Ice Hogs : 1 - Wild : 2.
0:37 of 3rd period - Travis Morin wins face-off versus David Wolf in neutral zone.
0:53 of 3rd period - Backhand shot by Micheal Haley.
0:53 of 3rd period - Shot Misses the Net.
0:55 of 3rd period - Slapshot by Colin Stuart.
0:55 of 3rd period - Shot Misses the Net.
0:57 of 3rd period - Slapshot by Shane O'Brien.
0:57 of 3rd period - Deflect By David Wolf.
0:57 of 3rd period - Shot Misses the Net.
0:57 of 3rd period - Puck is out of play.
0:58 of 3rd period - Devin Shore wins face-off versus Oscar Lindberg in Ice Hogs zone.
1:10 of 3rd period - Jon Landry beats up Mathieu Brodeur.
1:10 of 3rd period - Penalty to Jon Landry for Fighting.
1:10 of 3rd period - Penalty to Mathieu Brodeur for Fighting.
1:11 of 3rd period - Devin Shore wins face-off versus Travis Morin in Ice Hogs zone.
1:23 of 3rd period - Snap shot by Dan Catenacci.
1:23 of 3rd period - Shot Misses the Net.
1:25 of 3rd period - Snap shot by Devin Shore.
1:25 of 3rd period - Stopped by Yann Danis with a rebound.
1:27 of 3rd period - Snap shot by Devin Shore.
1:27 of 3rd period - Stopped by Yann Danis with a rebound.
1:29 of 3rd period - Slapshot by Mike Moore.
1:29 of 3rd period - Stopped by Yann Danis without a rebound.
1:30 of 3rd period - Devin Shore wins face-off versus Travis Morin in Ice Hogs zone.
1:43 of 3rd period - Wrist shot by Dan Catenacci.
1:43 of 3rd period - Stopped by Yann Danis with a rebound.
1:45 of 3rd period - Wrist shot by Devin Shore.
1:45 of 3rd period - Stopped by Yann Danis with a rebound.
1:47 of 3rd period - Snap shot by Mike Moore.
1:47 of 3rd period - Shot Blocked by Bryce Salvador.
1:49 of 3rd period - Wrist shot by Michael Keranen.
1:49 of 3rd period - Shot Misses the Net.
2:27 of 3rd period - Backhand shot by Micheal Haley.
2:27 of 3rd period - Shot Blocked by Petr Straka.
2:29 of 3rd period - Snap shot by Micheal Haley.
2:29 of 3rd period - Shot Misses the Net.
2:31 of 3rd period - Slapshot by Steve Eminger.
2:31 of 3rd period - Stopped by Yann Danis without a rebound.
2:32 of 3rd period - Mark Van Guilder wins face-off versus T.J. Tynan in Ice Hogs zone.
2:35 of 3rd period - Wrist shot by Danny Hobbs.
2:35 of 3rd period - Stopped by Yann Danis without a rebound.
2:36 of 3rd period - Will Acton wins face-off versus Mark Van Guilder in Ice Hogs zone.
2:55 of 3rd period - Slapshot by T.J. Tynan.
2:55 of 3rd period - Stopped by Doug Carr with a rebound.
3:03 of 3rd period - Wrist shot by Will Acton.
3:03 of 3rd period - Deflect By Jerome Leduc.
3:03 of 3rd period - Shot Misses the Net.
3:03 of 3rd period - Puck is out of play.
3:04 of 3rd period - Colin Stuart wins face-off versus Travis Morin in Wild zone.
3:09 of 3rd period - Wrist shot by Micheal Haley.
3:09 of 3rd period - Shot Misses the Net.
3:11 of 3rd period - Snap shot by Colin Stuart.
3:11 of 3rd period - Shot Blocked by Bryce Salvador.
3:13 of 3rd period - Wrist shot by Micheal Haley.
3:13 of 3rd period - Shot Blocked by Bryce Salvador.
3:15 of 3rd period - Slapshot by David Wolf.
3:15 of 3rd period - Shot Misses the Net.
5:01 of 3rd period - Viktor Svedberg is hit by Mike Moore and loses puck.
5:34 of 3rd period - Slapshot by Henri Ikonen.
5:34 of 3rd period - Stopped by Yann Danis with a rebound.
5:36 of 3rd period - Slapshot by Jani Hakanpaa.
5:36 of 3rd period - Stopped by Yann Danis with a rebound.
5:44 of 3rd period - Jean-Philippe Cote is hit by Francis Wathier and loses puck.
5:59 of 3rd period - Mike Moore is hit by Viktor Svedberg and loses puck.
6:12 of 3rd period - Icing by Viktor Svedberg.
6:13 of 3rd period - David Wolf wins face-off versus Petr Straka in Ice Hogs zone.
6:16 of 3rd period - Snap shot by Colin Stuart.
6:16 of 3rd period - Shot Misses the Net.
6:29 of 3rd period - Slapshot by Oscar Lindberg.
6:29 of 3rd period - Deflect By Scott Wilson.
6:29 of 3rd period - Shot Misses the Net.
6:29 of 3rd period - Puck is out of play.
6:30 of 3rd period - T.J. Tynan wins face-off versus Devin Shore in Wild zone.
6:35 of 3rd period - Wrist shot by Conor Sheary.
6:35 of 3rd period - Shot Misses the Net.
7:25 of 3rd period - Wrist shot by Danny Hobbs.
7:25 of 3rd period - Stopped by Yann Danis with a rebound.
7:27 of 3rd period - Wrist shot by Mark Van Guilder.
7:27 of 3rd period - Deflect By Scott Wilson.
7:27 of 3rd period - Shot Misses the Net.
7:27 of 3rd period - Puck is out of play.
7:28 of 3rd period - Oscar Lindberg wins face-off versus Mark Van Guilder in Ice Hogs zone.
7:41 of 3rd period - Snap shot by Mark Van Guilder.
7:41 of 3rd period - Stopped by Yann Danis with a rebound.
7:53 of 3rd period - Bryce Salvador is hit by Mike Moore and loses puck.
8:13 of 3rd period - Off-side.
8:14 of 3rd period - Travis Morin wins face-off versus David Wolf in neutral zone.
9:19 of 3rd period - Slapshot by Will Acton.
9:19 of 3rd period - Shot Blocked by Jon Landry.
10:07 of 3rd period - Slapshot by Jerome Leduc.
10:07 of 3rd period - Shot Misses the Net.
10:25 of 3rd period - Jani Hakanpaa is hit by Oscar Lindberg and loses puck.
10:40 of 3rd period - Mike Moore is hit by J.T. Miller and loses puck.
10:51 of 3rd period - Wrist shot by J.T. Miller.
10:51 of 3rd period - Stopped by Doug Carr with a rebound.
11:09 of 3rd period - Snap shot by T.J. Tynan.
11:09 of 3rd period - Stopped by Doug Carr with a rebound.
11:33 of 3rd period - Snap shot by David Wolf.
11:33 of 3rd period - Deflect By Micheal Haley.
11:33 of 3rd period - Shot Blocked by Derek Hulak.
11:33 of 3rd period - Puck is out of play.
11:34 of 3rd period - David Wolf wins face-off versus Derek Hulak in Ice Hogs zone.
11:35 of 3rd period - Slapshot by Colin Stuart.
11:35 of 3rd period - Stopped by Yann Danis with a rebound.
11:55 of 3rd period - Wrist shot by Scott Wilson.
11:55 of 3rd period - Stopped by Doug Carr without a rebound.
11:56 of 3rd period - Oscar Lindberg wins face-off versus Devin Shore in Wild zone.
12:22 of 3rd period - Wrist shot by Steve Eminger.
12:22 of 3rd period - Shot Misses the Net.
12:34 of 3rd period - Bryce Salvador is hit by Steve Eminger and loses puck.
13:33 of 3rd period - Snap shot by Danny Hobbs.
13:33 of 3rd period - Deflect By Mark Van Guilder.
13:33 of 3rd period - Stopped by Yann Danis without a rebound.
13:34 of 3rd period - Mark Van Guilder wins face-off versus Travis Morin in Ice Hogs zone.
13:39 of 3rd period - Snap shot by Mark Van Guilder.
13:39 of 3rd period - Shot Misses the Net.
13:49 of 3rd period - Snap shot by Mark Van Guilder.
13:49 of 3rd period - Shot Misses the Net.
13:51 of 3rd period - Slapshot by Shane O'Brien.
13:51 of 3rd period - Shot Blocked by Jean-Philippe Cote.
13:53 of 3rd period - Slapshot by Jon Landry.
13:53 of 3rd period - Shot Misses the Net.
13:55 of 3rd period - Snap shot by Shane O'Brien.
13:55 of 3rd period - Stopped by Yann Danis with a rebound.
13:57 of 3rd period - Slapshot by Shane O'Brien.
13:57 of 3rd period - Shot Blocked by Jean-Philippe Cote.
13:59 of 3rd period - Slapshot by Shane O'Brien.
13:59 of 3rd period - Shot Blocked by Matt Fraser.
14:19 of 3rd period - Mathieu Brodeur is hit by Jon Landry and loses puck.
14:24 of 3rd period - Slapshot by Mike Moore.
14:24 of 3rd period - Shot Blocked by T.J. Tynan.
14:28 of 3rd period - Slapshot by Mike Moore.
14:28 of 3rd period - Shot Blocked by Will Acton.
14:30 of 3rd period - Snap shot by Henri Ikonen.
14:30 of 3rd period - Shot Blocked by Viktor Svedberg.
14:50 of 3rd period - Minor Penalty to Will Acton for Hooking.
14:51 of 3rd period - Oscar Lindberg wins face-off versus Mark Van Guilder in Ice Hogs zone.
15:24 of 3rd period - Micheal Haley is hit by Bryce Salvador and loses puck.
15:36 of 3rd period - Viktor Svedberg is hit by Mark Van Guilder and loses puck.
15:51 of 3rd period - Snap shot by Michael Keranen.
15:51 of 3rd period - Shot Misses the Net.
15:53 of 3rd period - Slapshot by Jon Landry.
15:53 of 3rd period - Shot Blocked by Viktor Svedberg.
15:55 of 3rd period - Slapshot by Jon Landry.
15:55 of 3rd period - Deflect By Michael Keranen.
15:55 of 3rd period - Stopped by Yann Danis with a rebound.
15:57 of 3rd period - Snap shot by Jani Hakanpaa.
15:57 of 3rd period - Stopped by Yann Danis with a rebound.
15:59 of 3rd period - Wrist shot by Dan Catenacci.
15:59 of 3rd period - Shot Misses the Net.
16:01 of 3rd period - Slapshot by Dan Catenacci.
16:01 of 3rd period - Deflect By Francis Wathier.
16:01 of 3rd period - Stopped by Yann Danis with a rebound.
16:03 of 3rd period - Snap shot by Jon Landry.
16:03 of 3rd period - Stopped by Yann Danis with a rebound.
16:05 of 3rd period - Backhand shot by Jon Landry.
16:05 of 3rd period - Shot Misses the Net.
16:07 of 3rd period - Wrist shot by Francis Wathier.
16:07 of 3rd period - Shot Misses the Net.
16:09 of 3rd period - Slapshot by Jon Landry.
16:09 of 3rd period - Shot Blocked by Viktor Svedberg.
16:50 of 3rd period - Penalty to Will Acton is over, Will Acton is back on ice.
16:56 of 3rd period - Snap shot by Conor Sheary.
16:56 of 3rd period - Stopped by Doug Carr with a rebound.
17:18 of 3rd period - Slapshot by Henri Ikonen.
17:18 of 3rd period - Shot Misses the Net.
17:20 of 3rd period - Snap shot by Henri Ikonen.
17:20 of 3rd period - Stopped by Yann Danis with a rebound.
17:22 of 3rd period - Wrist shot by Francis Wathier.
17:22 of 3rd period - Stopped by Yann Danis with a rebound.
17:24 of 3rd period - Backhand shot by Steve Eminger.
17:24 of 3rd period - Deflect By Henri Ikonen.
17:24 of 3rd period - Shot Blocked by Jean-Philippe Cote.
17:24 of 3rd period - Puck is out of play.
17:25 of 3rd period - Henri Ikonen wins face-off versus Oscar Lindberg in Ice Hogs zone.
17:26 of 3rd period - Slapshot by Steve Eminger.
17:26 of 3rd period - Deflect By Cam Janssen.
17:26 of 3rd period - Shot Misses the Net.
17:26 of 3rd period - Puck is out of play.
17:27 of 3rd period - Oscar Lindberg wins face-off versus Mark Van Guilder in Ice Hogs zone.
17:44 of 3rd period - Snap shot by Danny Hobbs.
17:44 of 3rd period - Deflect By Oscar Lindberg.
17:44 of 3rd period - Shot Misses the Net.
17:44 of 3rd period - Puck is out of play.
17:45 of 3rd period - Oscar Lindberg wins face-off versus Mark Van Guilder in Ice Hogs zone.
17:45 of 3rd period - Oscar Lindberg is hit by Steve Eminger.
17:53 of 3rd period - Slapshot by Steve Eminger.
17:53 of 3rd period - Shot Blocked by Mathieu Brodeur.
17:55 of 3rd period - Slapshot by Jerome Leduc.
17:55 of 3rd period - Shot Misses the Net.
17:57 of 3rd period - Slapshot by Jerome Leduc.
17:57 of 3rd period - Stopped by Yann Danis without a rebound.
17:58 of 3rd period - T.J. Tynan wins face-off versus Devin Shore in Ice Hogs zone.
18:11 of 3rd period - Conor Sheary is hit by Dan Catenacci.
18:17 of 3rd period - Wrist shot by Will Acton.
18:17 of 3rd period - Stopped by Doug Carr without a rebound.
18:18 of 3rd period - Michael Keranen wins face-off versus Conor Sheary in Wild zone.
18:18 of 3rd period - Michael Keranen is hit by Will Acton.
18:33 of 3rd period - Minor Penalty to Jean-Philippe Cote for Hooking.
18:34 of 3rd period - Mark Van Guilder wins face-off versus Travis Morin in Ice Hogs zone.
19:02 of 3rd period - Mathieu Brodeur is hit by David Wolf and loses puck.
19:33 of 3rd period - Snap shot by Michael Keranen.
19:33 of 3rd period - Stopped by Yann Danis with a rebound.
19:35 of 3rd period - Slapshot by Jon Landry.
19:35 of 3rd period - Shot Misses the Net.
19:37 of 3rd period - Snap shot by Michael Keranen.
19:37 of 3rd period - Shot Blocked by Mathieu Brodeur.
19:39 of 3rd period - Slapshot by Jani Hakanpaa.
19:39 of 3rd period - Shot Misses the Net.
Goals for this period are 0 for Ice Hogs vs 1 for Wild.
Shots for this period are 7 for Ice Hogs vs 23 for Wild.